 Dungeon Crawl Stone Soup version 0.17.2-1-ge4368a0 (webtiles) character file.

642742 Goblin1989 the Slayer (level 27, -39/252 (254) HPs)
             Began as a Ghoul Monk on Oct 9, 2016.
             Was the Champion of Okawaru.
             Killed from afar by an ancient lich (46 damage)
             ... with a crystal spear
             ... on level 1 of the Abyss on Oct 11, 2016.
             The game lasted 06:23:24 (59607 turns).

Goblin1989 the Slayer (Ghoul Monk)                 Turns: 59607, Time: 06:23:24

HP:   -39/252 (254) AC: 46    Str:  8 (25) XL:     27
MP:   18/20         EV:  2    Int: -4 (10) God:    Okawaru [******]
Gold: 4156          SH:  0    Dex: -3 (14) Spells: 7 memorised, 3 levels left

rFire  + . .     SeeInvis +       - Unarmed
rCold  + + +     Clarity  .     v - +12 crystal plate armour of Okawaru's Generosity {rPois rC+ Str-2 Dex+2}
rNeg   + + +     SustAt   .     l - +0 large shield of Amuemon {rElec MP-9 Int+2 SInv}
rPois  ∞         Gourm    .     c - +1 hat {MR+}
rElec  +         Spirit   .     t - +2 cloak of Zin's Hatred {rElec MR+ Str-4 Int+3}
rCorr  .         Warding  .     (no gloves)
rMut   .         Stasis   .     E - +0 pair of boots of Fun and Games {*Drain rPois rC+ Regen+}
MR     ++++.                    r - amulet of regeneration
Stlth  ..........               f - ring of protection from fire
                                V - ring "Eschei" {Str+4 Slay+4}

@: heroism, corroded equipment, rotting, slowed, lost intelligence, lost
dexterity, very slow, incredibly resistant to hostile enchantments, extremely
unstealthy
A: rotting body, claws 1, carnivore 3, cold resistance 1, negative energy
resistance 3, slow regeneration 1, torment resistance, unbreathing
a: Heroism, Finesse, Renounce Religion
}: 3/15 runes: decaying, serpentine, silver


You were on level 1 of the Abyss.
You worshipped Okawaru.
Okawaru was exalted by your worship.
You were not hungry.

You visited 9 branches of the dungeon, and saw 48 of its levels.
You visited the Abyss 2 times.
You visited 1 ziggurat, and saw 9 of its levels.
You also visited: Labyrinth, Trove, Sewer, Bailey and Ice Cave.

You collected 6221 gold pieces.
You spent 2065 gold pieces at shops.

Inventory:

Hand Weapons
 b - the +2 blowgun of Sin {evade, rF+ rC+ Dex-4, @w1}
   (You found it on level 5 of the Vaults)

   It affects your evasion (+5 to EV).
   It affects your dexterity (-4).
   It protects you from fire.
   It protects you from cold.
Missiles
 u - 4 tomahawks of dispersal (quivered)
 Z - 4 throwing nets
Armour
 c - a +1 hat of magic resistance (worn)
 l - the +0 large shield of Amuemon (worn) {rElec MP-9 Int+2 SInv}
   (You acquired it on level 5 of the Depths)

   It affects your intelligence (+2).
   It insulates you from electricity.
   It affects your magic capacity (-9).
   It lets you see invisible.
 t - the +2 cloak of Zin's Hatred (worn) {rElec MR+ Str-4 Int+3}
   (You acquired it on level 5 of the Depths)

   It affects your strength (-4).
   It affects your intelligence (+3).
   It insulates you from electricity.
   It affects your resistance to hostile enchantments.
 v - the +12 crystal plate armour of Okawaru's Generosity (worn) {rPois rC+ Str-2 Dex+2}
   (You found it in a bailey)

   It affects your strength (-2).
   It affects your dexterity (+2).
   It protects you from cold.
   It protects you from poison.
 E - the +0 pair of boots of Fun and Games (worn) {*Drain rPois rC+ Regen+}
   (You acquired it on level 5 of the Depths)

   It protects you from cold.
   It protects you from poison.
   It increases your rate of regeneration.
   It causes draining when unequipped.
 G - a +2 gold dragon armour
Jewellery
 f - a ring of protection from fire (right claw)
 g - an uncursed amulet of resist corrosion
 m - an uncursed ring of protection from magic
 o - the ring of Linearity {+/*Tele rElec rF+ MP+9}
   (You acquired it on level 3 of the Vaults)

   [ring of teleportation]

   It may teleport you next to monsters, and can be evoked to randomly teleport.
   It protects you from fire.
   It insulates you from electricity.
   It affects your magic capacity (+9).
 r - an amulet of regeneration (around neck)
 w - an uncursed amulet of clarity
 V - the ring "Eschei" (left claw) {Str+4 Slay+4}
   (You found it on level 6 of a ziggurat)

   [ring of slaying]

   It affects your strength (+4).
   It affects your accuracy and damage with ranged weapons and melee attacks
   (+4).
Wands
 h - a wand of heal wounds (0) {@v2}
 y - a wand of hasting (2) {@v3}
 D - a wand of disintegration (11)
 I - a wand of hasting (1) {@v3}
 S - a wand of teleportation (1) {@v4}
 U - a wand of digging (5)
Scrolls
 i - 20 scrolls of remove curse {@r2}
 x - 3 scrolls of silence {!r}
 B - 8 scrolls of blinking
 C - 3 scrolls of recharging
 K - 4 scrolls of fear
 M - 7 scrolls of magic mapping
 O - 4 scrolls of immolation {!r}
 Q - 2 scrolls of torment
 R - 10 scrolls of identify {@r1}
 T - 14 scrolls of teleportation {@r4}
Potions
 a - 4 potions of cancellation
 e - 9 potions of heal wounds {@q2}
 j - 10 potions of curing {@q1}
 k - 9 potions of agility
 n - 12 potions of haste {@q3}
 s - 3 potions of resistance
 H - 3 potions of might
 J - 4 potions of invisibility
Comestibles
 p - 17 royal jellies
 A - 13 slices of pizza
 L - 21 meat rations {@e2}
 P - 12 beef jerkies


   Skills:
 - Level 22.2(27) Fighting
 * Level 21.4(26.4) Armour
 - Level 17.0(22.0) Dodging
 - Level 2.1(7.1) Stealth
 * Level 18.8(23.8) Shields
 - Level 22.1(27) Unarmed Combat
 - Level 3.5 Charms
 - Level 7.1 Invocations
 + Level 10.0 Evocations


You had 3 spell levels left.
You knew the following spells:

 Your Spells              Type           Power        Failure   Level  Hunger
g - Passage of Golubria   Tloc           N/A          100%        4    #####..
h - Shroud of Golubria    Chrm/Tloc      #.........   100%        2    ###....
o - Apportation           Tloc           #.........   100%        1    ##.....
p - Phase Shift           Tloc           #.........   100%        5    ######.
y - Song of Slaying       Chrm           #.......     100%        2    ###....
H - Haste                 Chrm           #.......     100%        6    #######
R - Regeneration          Chrm/Necr      #.........   100%        3    ####...


Dungeon Overview and Level Annotations

Branches:
Dungeon (15/15)            Temple (1/1) D:7            Lair (8/8) D:10
  Swamp (4/4) Lair:5        Snake (4/4) Lair:4          Orc (4/4) D:9
    Elf (2/3) Orc:3        Vaults (5/5) D:13          Crypt (0/3) Vaults:3
 Depths (5/5) D:15            Zot (0/5) Depths:5
  Slime: Lair:6-8

Altars:
Ashenzari
Cheibriados
Dithmenos
Elyvilon
Fedhas
Gozag
Kikubaaqudgha
Makhleb
Nemelex Xobeh
Okawaru
Qazlal
Ru
Sif Muna
Trog
Vehumet
Xom
Yredelemnul
Zin
The Shining One
Beogh

Shops:
D:12 :   D:13 (   D:14 :   Orc:4 (}[[[   Vaults:1 ?[*%=   Vaults:2 [

Portals:
Hell: Depths:1 Depths:2 Depths:3 Depths:4 Depths:5
Abyss: Depths:1 Depths:3 Depths:4
Pandemonium: Depths:3

Annotations:
Lair:1 exclusion: ice statue
Lair:8 exclusion: 3 oklob plants
Snake:3 exclusion: oklob plant
Elf:2 3 runed doors


Innate Abilities, Weirdness & Mutations

Your body is rotting away.
You thrive on raw meat.
You are immune to poison.
You have sharp fingernails.
You are carnivorous and can eat meat at any time.
Your flesh is cold resistant.
You are immune to negative energy.
You regenerate slowly when monsters are visible.
You are immune to unholy pain and torment.
You can survive without breathing.


Message History

Your unstable footing causes you to fumble your attack.
The ancient lich gestures at you while chanting.
The iron shot hits you!
* * * LOW HITPOINT WARNING * * *
You take 57 damage, and have 5/252 hp.
MASSIVE DAMAGE!!
What do you say? t - Shout!
Orders for allies: a - Attack new target. r - Retreat! s - Stop attacking. w - Wait here. f - Follow me.
Anything else - Stay silent.
Okay, then.
Your unstable footing causes you to fumble your attack.
Unknown command.
Your unstable footing causes you to fumble your attack.
The ancient lich barely misses you.
Your unstable footing causes you to fumble your attack.
The ancient lich casts a spell at you. The crystal spear hits you!
You die...

♣.≈≈ .≈..♣
..≈≈....♣
≈♣♣♣♣≈.≈....♣♣♣♣
≈...≈.≈≈..≈≈..≈
≈≈.≈....≈..≈....♣
.≈≈.≈♣.....≈♣ ♣
≈≈.≈.≈≈≈≈.♣♣
♣...♣ਜ≈≈≈≈≈.♣
♣≈≈..L@....♣
♣..♣♣♣♣♣≈≈≈♣
♣≈♣≈♣ .....≈. ≈≈
≈≈...≈≈
.≈≈≈..≈≈≈.. .
.≈..≈.≈≈♣♣. ≈≈.
.≈≈≈≈.≈


You could see an ancient lich.

Vanquished Creatures
  An orb of fire (Zig:8)
  Mennas (Vaults:3)
  2 ancient liches
  Sojobo (Depths:5)
  The ghost of Ladykiller69 the Severer, a veteran FoFi of Cheibriados (Vaults:5)
  Vashnia (Snake:4)
  5 caustic shrikes (Depths:4)
  5 golden dragons
  A bone dragon (Abyss:1)
  3 liches
  6 tentacled monstrosities
  2 quicksilver dragons
  7 titans
  2 acid blobs (Zig:9)
  5 sphinxes
  4 tentacled starspawn (Abyss:1)
  2 thorn hunters
  Kirke (Lair:7)
  11 shadow dragons
  13 greater nagas
  5 draconian monks
  8 tengu reavers
  Roxanne (D:14)
  13 fire giants
  2 deep elf sorcerers (Vaults:2)
  A draconian knight (Depths:5)
  3 azure jellies (Zig:9)
  14 frost giants
  Donald (Swamp:1)
  An iron dragon (Depths:5)
  Maud (Lair:7)
  12 vault wardens
  Aizul (Snake:3)
  A draconian shifter (Zig:3)
  A stone giant (shapeshifter) (Vaults:5)
  A draconian zealot (Zig:3)
  26 stone giants
  3 spriggan defenders
  2 war gargoyles (Vaults:5)
  17 ironheart preservers
  17 very ugly things
  A deep elf demonologist (Vaults:5)
  5 green draconians (Depths:5)
  3 lorocyprocas (Abyss:1)
  3 black draconians (Depths:5)
  2 vampire knights
  2 purple draconians (Depths:5)
  2 salamander stormcallers
  The ghost of Glorfindel the Fencer, a journeyman HEGl of Ashenzari (Orc:4)
  3 white draconians (Depths:5)
  8 red draconians
  21 ettins
  A minotaur (Lab)
  Snorg (Lair:7)
  3 jiangshi (Depths:4)
  A crystal guardian (Vaults:4)
  21 yaktaur captains
  2 deep elf death magi
  3 green deaths
  A merfolk impaler (Depths:1)
  14 fire dragons
  7 great orbs of eyes
  35 vault guards
  3 rakshasas
  20 hydras
  2 deep elf high priests (Vaults:5)
  15 naga warriors
  8 entropy weavers
  12 ice dragons
  3 catoblepae
  A ghost crab (Swamp:4)
  A ghost crab (shapeshifter) (Vaults:1)
  8 spriggan air magi
  4 alligators
  10 centaur warriors
  11 anacondas
  3 dancing weapons
  19 ogre magi
  An alligator snapping turtle (shapeshifter) (Zig:2)
  8 death yaks
  An anaconda (shapeshifter) (Depths:4)
  2 thrashing horrors
  8 deep troll shamans
  4 spriggan berserkers
  11 deep troll earth magi
  3 orc high priests
  2 tengu warriors (Depths:2)
  3 vampire magi
  10 shock serpents
  A titan zombie (Depths:3)
  The ghost of Glorfindel the Slicer, a novice HEGl of Ashenzari (D:11)
  A soul eater (Vaults:3)
  5 hell hogs (Abyss:1)
  18 naga sharpshooters
  5 hell knights
  3 iron trolls
  9 deep elf knights
  6 wretched stars (Abyss:1)
  3 ice devils
  2 fire crabs (Vaults:3)
  3 shadow wraiths
  A spatial maelstrom (Abyss:1)
  8 skeletal warriors
  6 salamander mystics
  20 deep trolls
  6 swamp dragons
  4 giant orange brains
  23 starcursed masses
  16 large abominations
  26 ironbrand convokers
  A harpy (shapeshifter) (Vaults:5)
  A wizard (Depths:1)
  3 unseen horrors
  9 naga ritualists
  7 hill giants
  4 harpies (Vaults:1)
  An obsidian statue (Depths:4)
  The ghost of Sapher the Cleaver, a novice DDGl of Makhleb (Lair:1)
  3 deep elf summoners (Elf:1)
  2 shambling mangroves
  3 lindwurms (Depths:5)
  An anubis guard (shapeshifter) (Vaults:5)
  8 deep elf conjurers
  5 necromancers
  7 phantasmal warriors
  5 wolf spiders
  8 mana vipers
  A fire giant zombie (Depths:3)
  A salamander (shapeshifter) (Depths:4)
  A hornet (shapeshifter) (Vaults:4)
  3 hornets
  A wolf spider zombie (D:15)
  A water nymph (shapeshifter) (Depths:2)
  9 griffons
  A mana viper (shapeshifter) (Vaults:4)
  6 orc sorcerers
  63 ugly things
  19 orc knights
  A sixfirhy (Abyss:1)
  An iron dragon skeleton (Abyss:1)
  4 manticores
  2 worldbinders
  21 vault sentinels
  2 moths of wrath (shapeshifter)
  A cyclops (shapeshifter) (D:15)
  2 centaur zombies
  6 salamanders
  15 naga magi
  15 elephants
  A guardian serpent (shapeshifter) (Depths:4)
  2 orange demons
  13 guardian serpents
  A rust devil (Abyss:1)
  3 cyclopes
  2 ice statues (IceCv)
  2 apocalypse crabs
  52 black mambas
  Psyche (D:8)
  28 spiny frogs
  2 torpor snails (shapeshifter)
  A spiny frog (shapeshifter) (Depths:4)
  3 smoke demons
  15 fire drakes
  3 octopodes (shapeshifter)
  An efreet (Abyss:1)
  2 gargoyles
  A komodo dragon (shapeshifter) (Vaults:4)
  5 kobold demonologists
  63 yaktaurs
  2 fire drakes (shapeshifter)
  7 deep elf priests
  9 freezing wraiths
  14 komodo dragons
  3 wind drakes
  5 ancient zymes (Abyss:1)
  A queen bee (Lair:2)
  5 trolls
  4 red devils (Elf:1)
  3 tengu conjurers
  A yaktaur (shapeshifter) (Depths:4)
  3 jumping spiders
  2 wind drakes (shapeshifter)
  6 polar bears
  2 silent spectres (Abyss:1)
  3 blue devils (IceCv)
  2 queen bees (shapeshifter)
  A slime creature (shapeshifter) (Vaults:5)
  28 two-headed ogres
  A human simulacrum (Vaults:1)
  A stone giant simulacrum (Vaults:2)
  21 blink frogs
  A trapdoor spider zombie (D:10)
  A frost giant simulacrum (Vaults:1)
  3 boulder beetles
  2 wraiths (D:15)
  4 giant leeches
  A raiju (shapeshifter) (Vaults:1)
  A vampire (D:15)
  9 bog bodies
  32 slime creatures
  5 flying skulls (Abyss:1)
  11 air elementals
  2 ynoxinuls (Abyss:1)
  The ghost of jazmu the Stinger, an amateur OpVM (D:5)
  2 trapdoor spiders (shapeshifter)
  18 redbacks
  A fire giant simulacrum (Depths:3)
  53 yaks
  6 shadows
  A redback (shapeshifter) (Depths:4)
  10 spriggans
  21 deep elf magi
  3 water elementals
  8 wyverns
  4 hogs
  Eustachio (D:6)
  7 neqoxecs
  14 basilisks
  17 humans (D:12)
  4 tarantellas
  2 golden eyes (Abyss:1)
  3 hungry ghosts
  A golden eye (shapeshifter) (Depths:4)
  2 hippogriffs (shapeshifter)
  18 deep elf fighters
  14 hippogriffs
  2 steam dragons
  47 vampire mosquitoes
  9 wolves
  A human (shapeshifter) (Depths:4)
  2 mottled dragons (D:15)
  54 nagas
  7 hell hounds
  A warg (shapeshifter) (Depths:4)
  5 wargs
  16 swamp worms
  15 insubstantial wisps
  16 small abominations
  2 chaos spawn
  13 porcupines
  19 water moccasins
  16 swamp drakes
  A soldier ant (shapeshifter) (Depths:4)
  2 black bears (shapeshifter)
  43 ogres
  15 wasps
  4 sky beasts
  An eye of draining (shapeshifter) (D:15)
  12 ice beasts
  63 orc warriors
  A black bear (Lair:1)
  11 boggarts
  A necrophage (D:12)
  4 phantoms
  5 eyes of draining
  13 crocodiles
  3 elf zombies (Elf:1)
  7 big kobolds
  14 centaurs
  A giant frog (shapeshifter) (Vaults:5)
  17 giant frogs
  A glowing shapeshifter simulacrum (Depths:3)
  5 scorpions
  32 killer bees
  3 wights (D:11)
  4 hounds
  An electric eel (Lair:5)
  5 crimson imps
  An iron imp (Abyss:1)
  42 orc priests
  8 centaur skeletons
  A quasit (Abyss:1)
  8 jellies
  43 orc wizards
  2 giant frog skeletons
  4 giant frog zombies
  12 iguanas
  23 sheep
  12 worker ants
  6 hell rats
  A hound zombie (D:9)
  8 gnolls
  44 river rats
  17 adders
  6 shadow imps
  21 white imps
  8 ufetubi
  2 adder zombies
  2 worms (D:4)
  3 giant geckos (D:5)
  212 orcs
  9 hobgoblins
  4 jackals
  26 kobolds
  4 quokkas
  A ball python (Lair:4)
  12 bats
  3 giant cockroaches
  4 giant newts
  13 goblins
  27 rats
  2 briar patches (Swamp:2)
  A crawling corpse (Elf:1)
  A plant (Depths:5)
  A starspawn tentacle (Abyss:1)
2626 creatures vanquished.

Vanquished Creatures (others)
  A vault warden (Vaults:4)
  A deep elf high priest (Depths:4)
  A naga sharpshooter (Snake:4)
  A spriggan berserker (Depths:5)
  A wizard (Vaults:2)
  An ugly thing (Vaults:1)
  A giant orange brain (shapeshifter) (Depths:4)
  2 yaktaurs
  2 fire drakes (Zig:8)
  A two-headed ogre (Vaults:5)
  3 humans (Lair:7)
  A basilisk (Zig:7)
  A golden eye (shapeshifter) (Depths:4)
  A neqoxec (Abyss:1)
  2 nagas
  A water moccasin (Lair:7)
  A wasp (Depths:5)
  2 orc warriors (Vaults:4)
  A boggart (Depths:1)
  2 ogres
  4 centaurs
  2 orc wizards (Orc:4)
  A sheep (Zig:7)
  A white imp (IceCv)
  An ufetubus (IceCv)
  An orc (Vaults:4)
  3 kobolds
  7 fungi
  11 plants
  11 starspawn tentacles (Abyss:1)
  16 starspawn tentacle segments (Abyss:1)
85 creatures vanquished.

Grand Total: 2711 creatures vanquished

Notes
Turn   | Place    | Note
--------------------------------------------------------------
     0 | D:1      | Goblin1989 the Ghoul Monk began the quest for the Orb.
     0 | D:1      | Reached XP level 1. HP: 19/19 MP: 0/0
   290 | D:1      | Reached XP level 2. HP: 26/26 MP: 1/1
   385 | D:1      | Reached skill level 5 in Unarmed Combat
   688 | D:2      | Reached XP level 3. HP: 29/31 MP: 2/2
   703 | D:2      | Found a glowing golden altar of the Shining One.
  1098 | D:3      | Reached skill level 1 in Shields
  1652 | D:3      | Reached XP level 4. HP: 32/32 MP: 3/3
  1736 | D:4      | Found a basalt altar of Yredelemnul.
  1888 | D:4      | Reached skill level 1 in Armour
  1888 | D:4      | Reached XP level 5. HP: 26/39 MP: 4/4
  1993 | D:4      | Reached skill level 6 in Unarmed Combat
  2103 | D:4      | Found a glowing drain.
  2113 | Sewer    | Entered a sewer
  2227 | Sewer    | Reached XP level 6. HP: 47/51 MP: 5/5
  2287 | Sewer    | Found a glowing silver altar of Zin.
  2628 | D:5      | Entered Level 5 of the Dungeon
  2725 | D:5      | Noticed jazmu's ghost (amateur OpVM)
  2780 | D:5      | Killed jazmu's ghost
  2780 | D:5      | Reached skill level 7 in Unarmed Combat
  2780 | D:5      | Reached XP level 7. HP: 30/59 MP: 6/6
  3189 | D:5      | Found a bloodstained altar of Trog.
  3558 | D:5      | Found a snail-covered altar of Cheibriados.
  3568 | D:5      | Reached skill level 5 in Fighting
  3568 | D:5      | Reached XP level 8. HP: 63/68 MP: 7/7
  3600 | D:5      | Found an opulent altar of Gozag.
  3601 | D:5      | Found a glowing silver altar of Zin.
  3741 | D:6      | Found an ancient bone altar of Kikubaaqudgha.
  3963 | D:6      | Noticed Eustachio
  4024 | D:5      | Reached skill level 8 in Unarmed Combat
  4469 | D:7      | Found a staircase to the Ecumenical Temple.
  4490 | Temple   | Entered the Ecumenical Temple
  4619 | Temple   | Became a worshipper of Warmaster Okawaru
  4619 | Temple   | Reached * piety under Okawaru
  4619 | Temple   | Reached ** piety under Okawaru
  4854 | D:7      | Found a burning altar of Makhleb.
  4855 | D:7      | Found a shimmering altar of Xom.
  5144 | D:8      | Learned a level 6 spell: Haste
  5152 | D:8      | Noticed a two-headed ogre
  5161 | D:8      | Killed a two-headed ogre
  5161 | D:8      | Reached skill level 9 in Unarmed Combat
  5161 | D:8      | Reached skill level 1 in Invocations
  5204 | D:8      | Reached XP level 9. HP: 47/74 MP: 9/9
  5251 | D:8      | Found a flagged portal.
  5305 | Bailey   | Entered a bailey
  5620 | Bailey   | Got a faintly glowing crystal plate armour
  5632 | Bailey   | Identified the +12 crystal plate armour of Okawaru's Generosity {rPois rC+ Str-2 Dex+2} (You found it in a bailey)
  5632 | Bailey   | Goblin1989: МАМОЧКИ!!!!
  5792 | D:8      | Reached skill level 10 in Unarmed Combat
  5841 | D:8      | Noticed Psyche
  5848 | D:8      | Killed Psyche
  5848 | D:8      | Reached *** piety under Okawaru
  5848 | D:8      | Reached skill level 5 in Armour
  6259 | D:8      | Reached XP level 10. HP: 86/86 MP: 10/10
  6424 | D:8      | Reached **** piety under Okawaru
  6480 | D:8      | Found a sparkling altar of Nemelex Xobeh.
  6483 | D:8      | Noticed a two-headed ogre
  6487 | D:8      | Killed a two-headed ogre
  6487 | D:8      | Reached skill level 11 in Unarmed Combat
  6564 | D:9      | Found a deep blue altar of Sif Muna.
  6702 | D:9      | Found a white marble altar of Elyvilon.
  6795 | D:9      | Found a staircase to the Orcish Mines.
  6952 | D:9      | Reached ***** piety under Okawaru
  7116 | D:10     | Entered Level 10 of the Dungeon
  7407 | D:10     | Found a staircase to the Lair.
  7410 | D:10     | Noticed a death yak
  7433 | D:10     | Killed a death yak
  7433 | D:10     | Reached skill level 12 in Unarmed Combat
  7460 | D:10     | Reached XP level 11. HP: 44/94 MP: 13/13
  7803 | D:10     | Reached skill level 5 in Invocations
  8214 | D:11     | Noticed Glorfindel's ghost (novice HEGl)
  8244 | D:11     | Killed Glorfindel's ghost
  8340 | D:11     | Noticed a hill giant
  8353 | D:11     | Killed a hill giant
  8356 | D:11     | Received a gift from Okawaru
  8359 | D:11     | Got a pair of pitted gloves {god gift}
  8365 | D:11     | Identified the +1 pair of gloves of Negation {Str+2} (Okawaru gifted it to you on level 11 of the Dungeon)
  8431 | D:11     | Reached skill level 13 in Unarmed Combat
  8738 | D:12     | Noticed a five-headed hydra
  8745 | D:12     | Killed a five-headed hydra
  8790 | D:12     | Found a labyrinth entrance.
  8798 | Lab      | Entered a labyrinth
  9389 | Lab      | Identified a scroll of acquirement
  9851 | Lab      | Noticed a minotaur
  9863 | Lab      | Killed a minotaur
 10074 | D:12     | Found Cuabadgh's Book Shop.
 10082 | D:12     | Bought a book of Battle for 600 gold pieces
 10085 | D:12     | Learned a level 2 spell: Song of Slaying
 10809 | D:12     | Reached XP level 12. HP: 102/105 MP: 15/15
 11283 | Lair:1   | Entered Level 1 of the Lair of Beasts
 11424 | Lair:1   | Reached skill level 10 in Fighting
 11424 | Lair:1   | Reached skill level 14 in Unarmed Combat
 11629 | Lair:1   | Noticed Sapher's ghost (novice DDGl)
 11639 | Lair:1   | Killed Sapher's ghost
 11782 | Lair:1   | Learned a level 3 spell: Regeneration
 11981 | Lair:1   | Reached skill level 1 in Charms
 12376 | Lair:2   | Noticed a six-headed hydra
 12384 | Lair:2   | Killed a six-headed hydra
 12427 | Lair:2   | Reached ****** piety under Okawaru
 12763 | Lair:2   | Reached skill level 15 in Unarmed Combat
 12797 | Lair:2   | Received a gift from Okawaru
 12797 | Lair:2   | Reached XP level 13. HP: 107/114 MP: 17/17
 13395 | Lair:3   | Found a frozen archway.
 13497 | IceCv    | Entered an ice cave
 13732 | IceCv    | Got a faintly humming leather armour
 13766 | IceCv    | Identified the cursed +1 leather armour of Resilience {*Corrode MR+ Regen+ Dex+5} (You found it in an ice cave)
 14235 | Lair:4   | Reached skill level 5 in Dodging
 14277 | Lair:4   | Found a staircase to the Snake Pit.
 14283 | Lair:4   | Received a gift from Okawaru
 14468 | Lair:4   | Reached skill level 16 in Unarmed Combat
 14723 | Lair:4   | Received a gift from Okawaru
 14869 | Lair:4   | Reached XP level 14. HP: 113/125 MP: 18/18
 14980 | Lair:4   | Reached skill level 10 in Armour
 15567 | Lair:5   | Found a staircase to the Swamp.
 15677 | Lair:5   | Got a faintly glowing hunting sling
 15678 | Lair:5   | Identified the +5 hunting sling "Butein" {flame, MP+9 Dex+4} (You found it on level 5 of the Lair of Beasts)
 16475 | Lair:6   | Received a gift from Okawaru
 16728 | Lair:6   | Reached skill level 17 in Unarmed Combat
 17197 | Lair:7   | Noticed Snorg
 17210 | Lair:7   | Killed Snorg
 17319 | Lair:7   | Noticed Maud
 17338 | Lair:7   | Killed Maud
 17611 | Lair:7   | Noticed Kirke
 17768 | Lair:7   | Killed Kirke
 17768 | Lair:7   | Received a gift from Okawaru
 17771 | Lair:7   | Got a heavily runed chain mail {god gift}
 17782 | Lair:7   | Identified the +7 chain mail "Ohesm" {rPois MR+ Stlth-} (Okawaru gifted it to you on level 7 of the Lair of Beasts)
 17818 | Lair:7   | Got a pitted spear
 17819 | Lair:7   | Identified the +8 spear of Irayhogh {flame, rN+} (You found it on level 7 of the Lair of Beasts)
 18088 | Lair:8   | Entered Level 8 of the Lair of Beasts
 18154 | Lair:8   | Reached XP level 15. HP: 111/133 MP: 19/19
 18470 | Lair:8   | Reached skill level 18 in Unarmed Combat
 18666 | Lair:8   | Learned a level 1 spell: Apportation
 19333 | Lair:6   | Received a gift from Okawaru
 19342 | Lair:6   | Got an opal-encrusted chain mail {god gift}
 19367 | Lair:6   | Identified the +0 chain mail of Oblivion {Regen+ Str+3 Int+6} (Okawaru gifted it to you on level 6 of the Lair of Beasts)
 19723 | Orc:1    | Entered Level 1 of the Orcish Mines
 21052 | Orc:3    | Found a staircase to the Elven Halls.
 21215 | Orc:3    | Found a roughly hewn altar of Beogh.
 21224 | Orc:3    | Found a roughly hewn altar of Beogh.
 21633 | Orc:4    | Entered Level 4 of the Orcish Mines
 21966 | Orc:4    | Noticed Glorfindel's ghost (journeyman HEGl)
 21985 | Orc:4    | Killed Glorfindel's ghost
 22065 | Orc:4    | Found Lumaolesm's Gadget Boutique.
 22338 | Orc:4    | Found a roughly hewn altar of Beogh.
 22366 | Orc:4    | Found Tasuil's Armour Shop.
 22568 | Orc:4    | Found Wigekh's Armour Shop.
 22568 | Orc:4    | Found Ving's Armour Shop.
 22571 | Orc:4    | Found Iniuthra's Weapon Boutique.
 22576 | Orc:4    | Bought a +2 helmet of see invisible for 344 gold pieces
 23113 | Swamp:1  | Entered Level 1 of the Swamp
 23361 | Swamp:1  | Noticed Donald
 23375 | Swamp:1  | Killed Donald
 23540 | Swamp:1  | Reached XP level 16. HP: 113/145 MP: 20/20
 24174 | Swamp:2  | Received a gift from Okawaru
 24374 | Swamp:2  | Got a scorched brass amulet
 24376 | Swamp:2  | Identified the amulet "Ymusufoci" {Gourm rElec} (You found it on level 2 of the Swamp)
 24561 | Swamp:2  | Learned a level 2 spell: Shroud of Golubria
 24583 | Swamp:2  | Reached skill level 19 in Unarmed Combat
 24588 | Swamp:2  | Reached skill level 5 in Shields
 24591 | Swamp:2  | Noticed a thorn hunter
 24609 | Swamp:2  | Killed a thorn hunter
 25123 | Swamp:3  | Got a warped leather armour
 25606 | Swamp:3  | Received a gift from Okawaru
 25609 | Swamp:3  | Got a twisted demon whip {god gift}
 25610 | Swamp:3  | Identified the +1 demon whip of the Oracle {freeze, rC++} (Okawaru gifted it to you on level 3 of the Swamp)
 25631 | Swamp:4  | Entered Level 4 of the Swamp
 26309 | Swamp:4  | Noticed a thorn hunter
 26329 | Swamp:4  | Killed a thorn hunter
 26892 | Snake:1  | Entered Level 1 of the Snake Pit
 27486 | Snake:1  | Received a gift from Okawaru
 27507 | Snake:1  | Reached XP level 17. HP: 109/152 MP: 21/21
 28576 | Snake:2  | Received a gift from Okawaru
 28761 | Snake:2  | ReniFell: Как оно?
 28900 | Snake:2  | Goblin1989: гнию постоянно
 29400 | Snake:3  | Reached skill level 20 in Unarmed Combat
 29459 | Snake:3  | Got a translucent morningstar
 29460 | Snake:3  | Identified the +5 morningstar of Uncertain Death {vamp, rPois MR++ Str-3 Stlth+} (You found it on level 3 of the Snake Pit)
 29638 | Snake:3  | Identified the Grimoire of Mutagenic Self-Improvement
 29646 | Snake:3  | Got a pair of spiked gloves
 29652 | Snake:3  | Identified the +2 pair of gloves of the Tortoise {*Drain Dex+4} (You acquired it on level 3 of the Snake Pit)
 29717 | Snake:3  | ReniFell: На 15 рунес идешь или по возможности?
 29731 | Snake:3  | Found a glowing golden altar of the Shining One.
 29756 | Snake:3  | Noticed Aizul
 29756 | Snake:3  | Goblin1989: по возможности
 29756 | Snake:3  | Goblin1989: если сейчас вот не юбьют
 30079 | Snake:3  | ReniFell: Я чет недавно в офлайне такого перса в снейках просрал... ДД с тремя хилпалками и фул затаром рандартов
 30079 | Snake:3  | ReniFell: Просто грейтер нага на -50 вбила, учитывая весь др и ас
 30079 | Snake:3  | Goblin1989: сколько я их просрал
 30079 | Snake:3  | Goblin1989: нормальный человек давно бы играть бросил
 30086 | Snake:2  | Received a gift from Okawaru
 30268 | Snake:3  | Killed Aizul
 30493 | Snake:4  | Entered Level 4 of the Snake Pit
 30746 | Snake:4  | Received a gift from Okawaru
 30987 | Snake:4  | Reached skill level 15 in Fighting
 31043 | Snake:4  | Reached XP level 18. HP: 163/163 MP: 22/22
 31207 | Snake:4  | Reached skill level 10 in Shields
 31746 | Snake:4  | Noticed Vashnia
 31769 | Snake:4  | Killed Vashnia
 31769 | Snake:4  | Received a gift from Okawaru
 31782 | Snake:4  | Reached skill level 21 in Unarmed Combat
 32317 | Snake:4  | Received a gift from Okawaru
 32401 | Snake:4  | Got a pair of polished gloves {god gift}
 32407 | Snake:4  | Identified the -3 pair of gloves of Yfoxiumn {+Inv rPois Regen+ Dex-4} (Okawaru gifted it to you on level 4 of the Snake Pit)
 32461 | Snake:4  | Got a serpentine rune of Zot
 32923 | D:13     | Found a gate to the Vaults.
 33380 | D:13     | Reached XP level 19. HP: 172/172 MP: 23/23
 33517 | D:13     | Learned a level 4 spell: Passage of Golubria
 33542 | D:13     | Found Kigar's Antique Weapon Shoppe.
 33830 | D:13     | Found a portal to a secret trove of treasure.
 34219 | D:14     | arkorax: &dump goblin1989
 34230 | D:14     | beem: http://CRAWL.XTAHUA.COM/crawl/morgue/Goblin1989/Goblin1989.txt
 34425 | D:14     | Found Rups's Book Boutique.
 34504 | D:14     | Noticed Roxanne
 34517 | D:14     | Killed Roxanne
 35066 | D:15     | Entered Level 15 of the Dungeon
 35076 | D:15     | Received a gift from Okawaru
 35291 | D:15     | Found a shattered altar of Ashenzari.
 35691 | D:15     | Found a staircase to the Depths.
 36072 | D:15     | Found a roughly hewn altar of Beogh.
 36861 | Swamp:4  | Received a gift from Okawaru
 37086 | Swamp:4  | Got a decaying rune of Zot
 37439 | Vaults:1 | Entered Level 1 of the Vaults
 37500 | Vaults:1 | Reached skill level 22 in Unarmed Combat
 37642 | Vaults:1 | Found Uckynnut's General Store.
 37652 | Vaults:1 | Found Uliuxir's Magic Scroll Boutique.
 37659 | Vaults:1 | Bought a scroll of identify for 40 gold pieces
 37659 | Vaults:1 | Bought a scroll of noise for 20 gold pieces
 37659 | Vaults:1 | Bought a scroll of identify for 40 gold pieces
 37659 | Vaults:1 | Bought a scroll of remove curse for 60 gold pieces
 37659 | Vaults:1 | Bought a scroll of identify for 40 gold pieces
 37659 | Vaults:1 | Bought a scroll of identify for 40 gold pieces
 37659 | Vaults:1 | Bought a scroll of identify for 40 gold pieces
 37673 | Vaults:1 | Reached XP level 20. HP: 181/181 MP: 24/24
 37790 | Vaults:1 | Found Daskipn's Jewellery Shop.
 38005 | Vaults:1 | Received a gift from Okawaru
 38008 | Vaults:1 | Got a bloodstained plate armour {god gift}
 38019 | Vaults:1 | Identified the +4 plate armour "Moaczeza" {rN+ Regen+} (Okawaru gifted it to you on level 1 of the Vaults)
 38089 | Vaults:1 | Reached XP level 21. HP: 67/189 MP: 25/25
 38873 | Vaults:1 | Found Siw Muis's Armour Emporium.
 38874 | Vaults:1 | Found Yskum's Food Boutique.
 38878 | Vaults:1 | Bought the +2 cloak of Starlight {rElec rC+ EV+4 Stlth--} for 841 gold pieces
 39118 | D:13     | You paid a toll of 17 potions of curing to enter a treasure trove
 39119 | Trove    | Entered a treasure trove
 39157 | Trove    | Identified Sif Muna's Disquisition on Combat Magic
 39829 | D:6      | Killed Eustachio
 40430 | Vaults:2 | Cast into the Abyss (a deep elf sorcerer)
 40462 | Abyss:1  | Found a deep blue altar of Sif Muna.
 40588 | Abyss:1  | Found a deep blue altar of Sif Muna.
 40640 | Vaults:2 | Escaped the Abyss
 41353 | Vaults:2 | Reached skill level 10 in Dodging
 41486 | Vaults:2 | Got a shimmering cloak
 41497 | Vaults:2 | Identified the +2 cloak "Rantaunu" {+Blink rF+ MR- Regen+} (You found it on level 2 of the Vaults)
 41608 | Vaults:2 | Found Yhiesah's Armour Shoppe.
 41750 | Vaults:3 | Noticed Mennas
 41794 | Vaults:3 | Killed Mennas
 41906 | Vaults:3 | Received a gift from Okawaru
 41974 | Vaults:3 | Got a shimmering hunting sling {god gift}
 42044 | Vaults:3 | Reached skill level 15 in Armour
 42187 | Vaults:3 | Paralysed by an ogre mage for 2 turns
 42417 | Vaults:3 | Reached XP level 22. HP: 131/202 MP: 26/26
 42443 | Vaults:3 | Reached skill level 15 in Shields
 42675 | Vaults:3 | Got a twisted falchion
 42676 | Vaults:3 | Identified the +3 falchion "Zilik" {slice, rC+ rN+ Stlth+} (You found it on level 3 of the Vaults)
 42686 | Vaults:3 | Got a heavily runed steel ring
 42688 | Vaults:3 | Identified the ring of Linearity {+/*Tele rElec rF+ MP+9} (You acquired it on level 3 of the Vaults)
 43259 | Vaults:3 | Received a gift from Okawaru
 44012 | Vaults:3 | Found a staircase to the Crypt.
 44146 | Vaults:3 | Got a translucent turquoise ring
 44148 | Vaults:3 | Identified the ring of Ixeewk {+Inv SInv Stlth+} (You found it on level 3 of the Vaults)
 44931 | Vaults:4 | Reached XP level 23. HP: 211/215 MP: 27/27
 45060 | Vaults:4 | Got a fine arbalest
 46007 | Depths:1 | Entered Level 1 of the Depths
 46127 | Depths:1 | Received a gift from Okawaru
 46249 | Depths:1 | Found a gateway to Hell.
 46303 | Depths:1 | Found a one-way gate to the infinite horrors of the Abyss.
 47279 | Depths:2 | Reached XP level 24. HP: 95/226 MP: 27/27
 48142 | Depths:2 | Received a gift from Okawaru
 48162 | Depths:2 | Got a shimmering shortbow {god gift}
 48545 | Depths:3 | Found a one-way gate leading to the halls of Pandemonium.
 48823 | Depths:3 | Found a glowing golden altar of the Shining One.
 48912 | Depths:3 | Reached skill level 15 in Dodging
 49040 | Depths:3 | Received a gift from Okawaru
 49135 | Depths:3 | Got a pitted war axe {god gift}
 49175 | Depths:3 | Got a jewelled hand axe
 49822 | Depths:4 | Received a gift from Okawaru
 49961 | Depths:4 | Noticed an ancient lich
 49968 | Depths:4 | Killed an ancient lich
 49968 | Depths:4 | Reached XP level 25. HP: 237/237 MP: 27/27
 50305 | Depths:4 | Got a smoking longbow
 50955 | Depths:5 | Entered Level 5 of the Depths
 50955 | Depths:5 | Found a gateway to a ziggurat.
 50955 | Depths:5 | Noticed Sojobo
 50981 | Depths:5 | Killed Sojobo
 50981 | Depths:5 | Reached skill level 1 in Evocations
 51008 | Zig:1    | Entered Level 1 of a ziggurat
 51043 | Zig:2    | Entered Level 2 of a ziggurat
 51066 | Zig:2    | Identified the Handbook of Orientation
 51087 | Zig:3    | Entered Level 3 of a ziggurat
 51150 | Zig:4    | Entered Level 4 of a ziggurat
 51199 | Zig:4    | Got a pitted ring mail
 51215 | Zig:5    | Entered Level 5 of a ziggurat
 51225 | Zig:5    | Paralysed by accursed screaming for 1 turns
 51235 | Zig:5    | Received a gift from Okawaru
 51251 | Zig:5    | Paralysed by accursed screaming for 1 turns
 51288 | Zig:5    | Identified Zudotho's Papyrus of Attacks
 51299 | Zig:5    | Learned a level 5 spell: Phase Shift
 51301 | Zig:5    | Got a translucent great mace
 51329 | Zig:6    | Entered Level 6 of a ziggurat
 51429 | Zig:6    | Got a faintly glowing bronze ring
 51432 | Zig:6    | Reached XP level 26. HP: 247/247 MP: 27/27
 51433 | Zig:6    | Identified the ring "Eschei" {Str+4 Slay+4} (You found it on level 6 of a ziggurat)
 51437 | Zig:7    | Entered Level 7 of a ziggurat
 51533 | Zig:7    | Got a crystal hand crossbow
 51561 | Zig:8    | Entered Level 8 of a ziggurat
 51569 | Zig:8    | Noticed an orb of fire
 51599 | Zig:8    | Killed an orb of fire
 51692 | Zig:9    | Entered Level 9 of a ziggurat
 51766 | Zig:9    | Got a shimmering scimitar
 51766 | Zig:9    | Got a translucent chain mail
 51766 | Zig:9    | Identified the Tome of the Mutagenic Mountains
 51778 | Zig:9    | Identified the +7 chain mail of the Invisible Hand {Str+2 Int+3 Stlth+} (You found it on level 9 of a ziggurat)
 51825 | Depths:5 | Got a heavily runed large shield
 51836 | Depths:5 | Identified the +0 large shield of Amuemon {rElec MP-9 Int+2 SInv} (You acquired it on level 5 of the Depths)
 51851 | Depths:5 | Got a pair of translucent boots
 51862 | Depths:5 | Identified the +0 pair of boots of Fun and Games {*Drain rPois rC+ Regen+} (You acquired it on level 5 of the Depths)
 51877 | Depths:5 | Got a pair of ichor-stained gloves
 51883 | Depths:5 | Identified the +1 pair of gloves of Hospitality {MR- rCorr Int+6} (You acquired it on level 5 of the Depths)
 51894 | Depths:5 | Got a jewelled cloak
 51905 | Depths:5 | Identified the +2 cloak of Zin's Hatred {rElec MR+ Str-4 Int+3} (You acquired it on level 5 of the Depths)
 52418 | Depths:5 | Reached XP level 27. HP: 204/253 MP: 18/27
 52467 | Depths:5 | Reached skill level 5 in Evocations
 52714 | Depths:5 | Found a gate to the Realm of Zot.
 53028 | Depths:5 | Received a gift from Okawaru
 54401 | Vaults:5 | Entered Level 5 of the Vaults
 54401 | Vaults:5 | Noticed Ladykiller69's ghost (veteran FoFi)
 54494 | Vaults:5 | Killed Ladykiller69's ghost
 54517 | Vaults:5 | Received a gift from Okawaru
 55206 | Vaults:5 | Received a gift from Okawaru
 55278 | Vaults:5 | Got a silver rune of Zot
 55596 | Vaults:5 | Identified Sif Muna's Collected Works on Moulding
 55600 | Vaults:5 | Got a transparent dagger
 55601 | Vaults:5 | Identified the cursed +3 dagger of Vunig {venom, +Blink Int+4 Dex-5 SInv} (You found it on level 5 of the Vaults)
 55606 | Vaults:5 | Got a distressingly furry ring mail
 55868 | Vaults:5 | Got a smoking war axe
 55876 | Vaults:5 | Identified the Grimoire of Transformation
 55944 | Vaults:5 | Received a gift from Okawaru
 56100 | Vaults:5 | Got a slimy blowgun {@w1}
 56101 | Vaults:5 | Identified the +2 blowgun of Sin {evade, rF+ rC+ Dex-4, @w1} (You found it on level 5 of the Vaults)
 56170 | Vaults:5 | Got an ancient plate armour
 56744 | Elf:1    | Entered Level 1 of the Elven Halls
 57054 | Elf:1    | Found a radiant altar of Vehumet.
 57163 | Elf:1    | Identified the +9 plate armour "Puusey" {rCorr Str+4 Int-5 Dex+4} (You took it off an orc warrior on level 5 of the Vaults)
 57788 | Elf:1    | Identified Achaj's Handbook of Darkness
 58087 | Elf:2    | Got a slimy hand crossbow
 58194 | Elf:2    | Found a huge runed gate.
 58194 | Elf:2    | Found a huge runed gate.
 58205 | Elf:2    | Found a huge runed gate.
 58239 | Elf:2    | Cast into the Abyss (deep elf knight)
 58239 | Abyss:1  | Found a corrupted altar of Lugonu.
 58343 | Abyss:1  | Noticed an ancient lich
 58354 | Abyss:1  | Killed an ancient lich
 58405 | Abyss:1  | Lost intelligence.
 58948 | Abyss:1  | Paralysed by accursed screaming for 2 turns
 59272 | Abyss:1  | Lost dexterity.
 59469 | Abyss:1  | Wingboner: Ня. Нового бога трансмутеров пробовал?
 59486 | Abyss:1  | Goblin1989: no
 59501 | Abyss:1  | Wingboner: Он неплохой.
 59525 | Abyss:1  | Reached skill level 10 in Evocations
 59531 | Abyss:1  | Wingboner: https://i.4cdn.org/vg/1476142422852.png
 59531 | Abyss:1  | Goblin1989: не люблю транк, ты же уже знаешь меня
 59593 | Abyss:1  | Noticed an ancient lich
 59604 | Abyss:1  | HP: 5/252 [ancient lich/iron shot (57)]
 59607 | Abyss:1  | Killed from afar by an ancient lich

Action                   |  1- 3 |  4- 6 |  7- 9 | 10-12 | 13-15 | 16-18 | 19-21 | 22-24 | 25-27 || total
-------------------------+-------+-------+-------+-------+-------+-------+-------+-------+-------++-------
Melee: Unarmed           |   102 |   178 |   422 |   978 |  2016 |  1918 |  1717 |  1680 |  2558 || 11569
Invok: Heroism           |       |       |     4 |    10 |    15 |    11 |     8 |     4 |    16 ||    68
       Finesse           |       |       |       |     2 |     2 |     3 |       |       |     4 ||    11
Evoke: Wand              |       |       |       |       |     1 |     7 |       |       |     4 ||    12
       Fan of gales      |       |       |       |       |       |     1 |       |       |       ||     1
  Use: Scroll            |       |     7 |     4 |    13 |    11 |     9 |    15 |     4 |    22 ||    85
       Potion            |       |     1 |     1 |     1 |       |     2 |     2 |     2 |     4 ||    13
 Stab: Sleeping          |     3 |       |       |       |       |       |       |       |       ||     3
       Confused          |       |       |       |       |       |     1 |       |       |     1 ||     2
       Petrified         |       |       |       |       |       |       |       |       |     2 ||     2
       Petrifying        |       |       |       |       |       |       |       |       |     1 ||     1
       Invisible         |       |       |       |       |       |       |       |       |     2 ||     2
  Eat: Chunk             |    11 |    15 |    35 |    84 |   172 |   162 |    91 |   180 |   200 ||   950
       Pizza             |       |       |       |     1 |       |       |       |       |       ||     1
       Royal jelly       |       |       |       |       |       |       |       |       |     1 ||     1

Vault maps used:
D:1:      dpeg_arrival_pond
D:2:      lemuel_round_altar
D:3:      first_bread
D:4:      lemuel_coloured_pillars_altar, gup_sewer_entry_bubbles
D:5:      grunt_temple_overflow_gold_and_silver, bloody_trog,
          cheibriados_altar_1
D:6:      old_standard_altar, eino_tiny_chamber, item_on_display_b,
          uniq_eustachio
D:7:      grunt_temple_overflow_champion_of_chaos, minmay_temple_entry_hall
D:8:      lemuel_doored_altar, enter_bailey_3, uniq_psyche
D:9:      kennysheep_mini, elyvilon_altar_3, david_orc_3
D:10:     kennysheep_steamy, dpeg_lair_monsters
D:12:     serial_shops, nicolae_shop_crystal, lab_entry_generic, grunt_livestock
D:13:     david_vaults_3, nicolae_trove_entry_crystal, serial_shops,
          nicolae_shop_trees
D:14:     serial_shops, nicolae_shop_crystal, uniq_roxanne
D:15:     gammafunk_enter_depths_forms, old_standard_altar, special_room
Temple:   minmay_temple_bridge_a_8
Lair:1:   ice2_lemuel
Lair:2:   special_room, grunt_megastairs_5
Lair:3:   portal_ice_cave_entry_imps, hibernation_bobbens, serial_bayou_shore_a,
          grunt_megastairs_3, infiniplex_staircase_pool
Lair:4:   minmay_snake_entry_six_corridors, serial_bayou_shore_b,
          lemuel_fruit_fields
Lair:5:   wad_woods_structure_01, swamp_mist_pool
Lair:6:   kennysheep_abandoned_house, beast_lair_carwin_6
Lair:7:   uniq_kirke, uniq_maud, uniq_snorg
Lair:8:   hangedman_lair_in_review, minmay_slime_entry_oklob_open,
          lemuel_fruit_tree, serial_bayou_shore_b
Swamp:1:  hangedman_swamp_blocks, swamp_pool1, uniq_donald
Swamp:2:  evilmike_swamp_ruin_house_1, lightli_tree_ring
Swamp:3:  hangedman_swamp_pad
Swamp:4:  swamp_vile, swamp_pool4
Snake:1:  library_closet
Snake:3:  nicolae_aizul_guard, lemuel_oklob_altar
Snake:4:  johnstein_snake_rune_scales
Orc:2:    roderic_batcave, nicolae_orc_pool_cavern
Orc:3:    basic_altar, bh_open_orc_temple
Orc:4:    st_orc_mages, serial_shops, shop, basic_altar
Elf:1:    minmay_elf_arrival_summoners, basic_altar, minmay_elf_necromancy,
          nrook_loot_triangle, einodemon_armed_red_devil_minivault
Elf:2:    grunt_megastairs_4, basic_stair_grate_trap, uniq_nikola
Vaults:1: hangedman_vaults_variations, hangedman_vaults_trim,
          hangedman_vaults_unwind, vaults_mumra_minichess_inversion,
          nicolae_vaults_hallways_thing, nicolae_vaults_shelves_hall, v_misc_10,
          v_misc_19, serial_shops, nicolae_shop_stone, shop, shop,
          nicolae_shop_trees, shop
Vaults:2: nicolae_vaults_halls_meeting, v_misc_25, v_misc_15, v_alt_pattern_5,
          v_misc_2, hangedman_vaults_pinch, v_misc_15, serial_shops,
          nicolae_shop_trees
Vaults:3: ontoclasm_vaults_ring_large, nicolae_vaults_circle_grid_a,
          nicolae_vaults_what_the_h, ontoclasm_vaults_chip,
          vaults_room_grunt_arrival_ludios, vaults_standard_mumra_x,
          vaults_mumra_hexcomb, v_misc_16, vaults_room_hangedman_quadrants,
          vaults_dpeg_diagonal, minmay_crypt_entry_simple_statues, uniq_mennas
Vaults:4: vaults_dpeg_hooks, ontoclasm_vaults_loading_screen,
          dpeg_vaults_monster_row, v_pattern_3, nicolae_vaults_yaktaur_gun_rack,
          vaults_room_boxed, nicolae_vaults_twisting_passages, v_misc_23,
          ontoclasm_vaults_decontamination, ontoclasm_vaults_ring_small,
          ontoclasm_vaults_ring_large, vaults_room_ringed_pool,
          nicolae_vaults_little_squares_1, ontoclasm_vaults_pinch,
          nicolae_vaults_three_branches
Depths:1: hell_entry, marbit_kobold_abyss_entry,
          hangedman_decor_clover_reticule, lightli_minifort
Depths:2: hangedman_cross_cluster, hell_entry, roderic_whirl,
          grunt_ministairs_9, st_stairs_11, dispersion_dpeg,
          infiniplex_staircase_spiral
Depths:3: grated_community_mu, hell_entry, abyss_entry_small_statue_room,
          pan_entry, tso_metal_star
Depths:4: vault_1, minmay_misc_feat_four_crosses, abyss_entry,
          grunt_hell_entry_dis_grunt, serial_bayou_shore_b,
          infiniplex_staircase_pillars_2
Depths:5: lemuel_castle_with_subvaults, enter_ziggurat_d, minmay_misc_feat_iff,
          hell_entry, kennysheep_kite_vault, basic_stair_grate_trap, uniq_sojobo
Zig:5:    ziggurat_pillar_centre_dead_trees
Zig:9:    ziggurat_loot_3
Lab:      labyrinth_spiral, nicolae_lab_blocks, nicolae_lab_lava,
          nicolae_lab_garden, nicolae_lab_starburst, nicolae_lab_checkerboard,
          labyrinth_fake_exit, nicolae_lab_very_dead_end
Trove:    trove_library
Sewer:    sewer_kobolds
Bailey:   bailey_axe_4, bailey
IceCv:    ice_cave_small_demon
